 Dungeon Crawl Stone Soup version 0.30.0-29-ga12c61a403 (webtiles) character file.

Game seed: 15063473230865729007

144 Nicoed the Chopper (level 5, 0/46 HPs)
             Began as a Minotaur Fighter on June 11, 2023.
             Slain by an orc wizard
             ... wielding a +0 dagger of protection
              (4 damage)
             ... on level 3 of the Dungeon.
             The game lasted 00:02:05 (1779 turns).

Nicoed the Chopper (Minotaur Fighter)               Turns: 1779, Time: 00:02:06

Health: 0/46       AC:  9    Str: 23    XL:     5   Next: 5%
Magic:  4/4        EV:  8    Int:  5    God:
Gold:   181        SH:  4    Dex:  9    Spells: 4/4 levels left

rFire   . . .        a - +0 war axe
rCold   . . .        c - +0 buckler
rNeg    . . .        o - +0 chain mail
rPois   +            (helmet restricted)
rElec   .            (no cloak)
rCorr   .            (no gloves)
SInv    .            (no boots)
Will    .....        (no amulet) Stlth
                     i - ring of poison resistance
HPRegen 0.27/turn    (no ring)
MPRegen 0.09/turn

%: no passive effects
@: no status effects
A: horns 2, retaliatory headbutt
a: no special abilities


You were on level 3 of the Dungeon.
You visited 1 branch of the dungeon, and saw 3 of its levels.

You collected 181 gold pieces.

Inventory:

Hand Weapons
 a - a +0 war axe (weapon)
Armour
 c - a +0 buckler (worn)
 o - a +0 chain mail (worn)
Jewellery
 i - a ring of poison resistance (left hand)
Scrolls
 e - 3 scrolls of magic mapping {unknown}
 j - 2 scrolls of teleportation {unknown}
 k - a scroll of fog {unknown}
 l - 2 scrolls of enchant armour {unknown}
 m - a scroll of noise {unknown}
 n - a scroll of identify {unknown}
 q - a scroll of fear {unknown}
 r - a scroll of vulnerability {unknown}
Potions
 b - a potion of magic {unknown}
 d - a potion of might
 f - 4 potions of flight {unknown}
 g - a potion of heal wounds {unknown}
 h - 3 potions of curing {unknown}
 p - a potion of degeneration {unknown}


   Skills:
 - Level 4.0 Fighting
 + Level 5.7 Axes
 - Level 4.0 Armour
 - Level 4.0 Shields


You had 4 spell levels left.
You didn't know any spells.
Your spell library was empty.

Dungeon Overview and Level Annotations

Branches:
Dungeon (3/15)

Altars:

Shops:
D:1 [(


Innate Abilities, Weirdness & Mutations

You have a pair of horns on your head.
You reflexively headbutt those who attack you in melee.


Message History

* * * LOW HITPOINT WARNING * * *
Unknown command.
You hit something but do no damage.
You hear some strange, mumbled words.
A puff of flame appears from out of thin air!
The puff of flame hits you.
* * * LOW HITPOINT WARNING * * *
Unknown command.
Unknown command.
You miss something. Your headbutt misses something.
Something hits you but does no damage.
Unknown command.
Unknown command.
You closely miss something. Something hits you but does no damage.
Unknown command.
Unknown command.
You hit something. Something hits you but does no damage. Something hits you.
* * * LOW HITPOINT WARNING * * *
Unknown command.
Unknown command.
Unknown command.
You miss something. Something hits you but does no damage.
Unknown command.
Unknown command.
Unknown command.
You miss something. Something hits you but does no damage.
Unknown command.
You closely miss something. Something hits you but does no damage.
You miss something. Something completely misses you.
Something hits you but does no damage.
You closely miss something. You headbutt something.
Something completely misses you.
You hit something. Something hits you.
* * * LOW HITPOINT WARNING * * *
Unknown command.
You hit something but do no damage. Something hits you but does no damage.
You barely miss something. Your headbutt misses something.
Something hits you but does no damage. x2
You closely miss something. Something hits you.
You die...

+..... #... ...#. #...
..#. . #... #.#. .. #...
###### #.#. ..?#...
#....# ###.#. .......##
#....# #..... .....({)#
#...(# #.....
......)@####....# #.....
....#..)'..'....#####+#.
. #...####......###..<
#...# #....#..#....
#...# #....##.†.##.
#...# #....###>....
#...# #....# ######
#...####....##
#............#


There were no monsters in sight!

Vanquished Creatures
  An orc priest (D:3)
  An orc wizard (D:3)
  3 gnolls (D:2)
  2 worms
  A dart slug (D:3)
  An orc (D:3)
  3 ball pythons
  4 bats
  An endoplasm (D:1)
  A giant cockroach (D:2)
  8 goblins
  5 hobgoblins
  3 jackals (D:1)
  6 quokkas
  4 frilled lizards
  3 kobolds
  4 rats
51 creatures vanquished.

Notes
Turn   | Place    | Note
-------+----------+-------------------------------------------
     0 | D:1      | Nicoed the Minotaur Fighter began the quest for the Orb.
     0 | D:1      | Reached XP level 1. HP: 19/19 MP: 0/0
    46 | D:1      | Found Bekusunn's Armour Emporium.
   191 | D:1      | Reached XP level 2. HP: 27/27 MP: 1/1
   241 | D:1      | Found Pucahotu's Antique Weapon Shoppe.
   264 | D:1      | Reached skill level 3 in Axes
   374 | D:1      | Reached XP level 3. HP: 33/33 MP: 2/2
   660 | D:1      | Found Bekusunn's Armour Emporium.
   759 | D:1      | Found Pucahotu's Antique Weapon Shoppe.
  1152 | D:2      | Found a faded altar of an unknown god.
  1223 | D:2      | Reached skill level 4 in Axes
  1226 | D:2      | Reached XP level 4. HP: 33/40 MP: 3/3
  1404 | D:2      | Found Dienk's Jewellery Boutique.
  1764 | D:3      | Reached skill level 5 in Axes
  1765 | D:3      | Reached XP level 5. HP: 16/46 MP: 4/4
  1767 | D:3      | HP: 2/46 [something/puff of flame (6)]
  1779 | D:3      | Slain by an orc wizard

Illustrated notes

Levels and vault maps discovered:
D:1:      lightli_arrival_maybe_door_vault, layout_rooms, serial_forest,
          infiniplex_forest_straight_2, infiniplex_forest_lined_room_,
          infiniplex_forest_end_3, infiniplex_forest_lined_room_2,
          infiniplex_forest_clump_tiny, infiniplex_forest_clump_curved,
          serial_shops, shop, shop
D:2:      layout_basic, basic_ecumenical_altar, serial_shops, shop
D:3:      layout_basic, fedhas_altar_1

Skill      XL: |  1  2  3  4 |
---------------+-------------+-----
Fighting       | 4 |  4.0
Armour         | 4 |  4.0
Shields        | 4 |  4.0
Axes           | 3 4 5 |  5.7

Action                     |  1- 3 |  4- 6 || total
---------------------------+-------+-------++-------
  Melee: War axe           |    70 |    38 ||   108
         Headbutt          |    13 |     2 ||    15
 Armour: Scale mail        |    17 |       ||    17
         Chain mail        |     7 |    21 ||    28
  Dodge: Dodged            |    40 |     8 ||    48
  Block: Buckler           |    16 |     5 ||    21
